 Dungeon Crawl Stone Soup version 0.28-a0-1395-g4f6bc678fa (webtiles) character file.

Game seed: 12514143401068538561

87 derath95 the Digger (level 4, -1/33 HPs)
             Began as a Draconian Earth Elementalist on Jan 4, 2022.
             Slain by a kobold (3 damage)
             ... on level 3 of the Dungeon.
             The game lasted 00:11:20 (2416 turns).

derath95 the Digger (Draconian Earth Elementalist)  Turns: 2416, Time: 00:11:21

Health: -1/33      AC:  5    Str: 10    XL:     4   Next: 28%
Magic:  0/8        EV: 12    Int: 18    God:
Gold:   94         SH:  0    Dex: 11    Spells: 8/9 levels left

rFire   . . .      SeeInvis .   d - +0 short sword
rCold   . . .      Faith    .   (no shield)
rNeg    . . .      Spirit   .   (armour unavailable)
rPois   .          Reflect  .   (helmet restricted)
rElec   .          Harm     .   (no cloak)
rCorr   .          Rampage  .   (no gloves)
Will    .....                   (no boots)
Stlth   ++........              (no amulet)
HPRegen 0.11/turn               (no ring)
MPRegen 0.11/turn               (no ring)

@: no status effects
A: AC +5, unfitting armour, cold-blooded
a: no special abilities


You were on level 3 of the Dungeon.
You visited 1 branch of the dungeon, and saw 3 of its levels.

You collected 94 gold pieces.

Inventory:

Hand Weapons
 d - a +0 short sword (weapon)
Missiles
 b - 34 stones
Scrolls
 a - a scroll of magic mapping {unknown}
 c - a scroll of holy word {unknown}
 e - a scroll of immolation {unknown}
 f - a scroll of identify {unknown}
Potions
 g - a potion of resistance {unknown}
 h - 3 potions of curing {unknown}


   Skills:
 - Level 1.9 Dodging
 - Level 2.0 Stealth
 + Level 3.1 Spellcasting
 - Level 1.2 Transmutations
 + Level 4.0 Earth Magic


You had 8 spell levels left.
You knew the following spells:

 Your Spells              Type           Power      Damage    Failure   Level
a - Sandblast             Erth           34%        2d9       3%          1

Your spell library contained the following spells:

 Spells                   Type           Power      Damage    Failure   Level
 Passwall                 Tmut/Erth      10%        N/A       9%          2
 Stone Arrow              Conj/Erth      20%        3d8       21%         3
 Petrify                  Tmut/Erth      12%        N/A       47%         4


Dungeon Overview and Level Annotations

Branches:
Dungeon (3/15)

Altars:
Dithmenos
Gozag

Shops:
D:1 [


Innate Abilities, Weirdness & Mutations

Your plain brown scales are hard. (AC +5)
You cannot fit into any form of body armour.
You are cold-blooded and may be slowed by cold attacks.


Message History

Aiming: Sandblast (safe; 3% risk of failure)
Press: ? - help, Shift-Dir - straight line, f - quokka
Aim: a quokka (71% to hit)
The blast of sand misses the quokka.
The gnoll shouts!
You hear a shout!
You closely miss the quokka. The quokka barely misses you.
A gnoll comes into view. It is wielding a +0 club.
The quokka closely misses you.
A kobold comes into view. It is wielding a +0 dagger.
The quokka bites you.
There is an open door here.
You barely miss the quokka. The quokka closely misses you.
You hit the quokka.
The quokka is almost dead.
The quokka bites you.
The quokka bites you but does no damage.
You barely miss the quokka.
The quokka is almost dead.
The quokka bites you. The gnoll closely misses you.
You hit the quokka.
You kill the quokka!
The gnoll hits you with a +0 club.
Casting: Sandblast (safe; 3% risk of failure)
Confirm with . or Enter, or press ? or * to list all spells.
Aiming: Sandblast (safe; 3% risk of failure)
Press: ? - help, Shift-Dir - straight line, f - gnoll
Aim: a gnoll, wielding a +0 club (82% to hit)
The blast of sand hits the gnoll.
The gnoll is heavily wounded.
The kobold hits you with a +0 dagger.
* * * LOW HITPOINT WARNING * * *
The gnoll hits you with a +0 club.
* * * LOW HITPOINT WARNING * * *
Casting: Sandblast (safe; 3% risk of failure)
Confirm with . or Enter, or press ? or * to list all spells.
Aiming: Sandblast (safe; 3% risk of failure)
Press: ? - help, Shift-Dir - straight line, f/p - gnoll
Aim: a gnoll, wielding a +0 club (heavily wounded, 82% to hit)
The blast of sand misses the gnoll.
The kobold hits you with a +0 dagger.
You die...

...#.#.#.#.######...#
.........#.######...#####
..##.###.#.##...#.[.#...#
..##.......##.<.#...#.>.#
♣.##...######...#...#...#
♣.##...######'#'#...#+#+#####
..##..†##...'..†'...'...+...#
.......##.<.#.8.#.⌠.#.8.#.>.#
.......##...'...@g..'...'...#
....##.######'#'#K..#+#+#########
....##.# #...#g..#...# #...
....##.. #.<.#.g.#.>.# #### ..†.#
... #...#...#...# ....# ....
#####...##### ....# ##. ##...####
....# #.......# ##### #.......#


You could see 3 gnolls and a kobold.

Vanquished Creatures
  A gnoll (D:3)
  An adder (D:2)
  A dart slug (D:2)
  2 orcs (D:3)
  7 ball pythons
  3 endoplasms
  A giant cockroach (D:2)
  5 goblins
  4 hobgoblins
  5 jackals
  7 kobolds
  4 quokkas
  9 bats
  2 frilled lizards
  10 rats
62 creatures vanquished.

Notes
Turn   | Place    | Note
-------+----------+-------------------------------------------
     0 | D:1      | derath95 the Draconian Earth Elementalist began the quest
                  | for the Orb.
     0 | D:1      | Reached XP level 1. HP: 14/14 MP: 3/3
    83 | D:1      | Reached XP level 2. HP: 9/20 MP: 3/5
   308 | D:1      | Found Gaomol's Antique Armour Shoppe.
   862 | D:1      | Reached XP level 3. HP: 24/26 MP: 1/6
  1492 | D:2      | Found a shadowy altar of Dithmenos.
  2038 | D:3      | Found a faded altar of an unknown god.
  2063 | D:3      | Found an opulent altar of Gozag.
  2180 | D:3      | Reached XP level 4. HP: 33/33 MP: 8/8
  2398 | D:3      | Reached skill level 4 in Earth Magic
  2416 | D:3      | Slain by a kobold

Illustrated notes

Levels and vault maps discovered:
D:1:      lightli_molten_gateway, layout_loops_ring, serial_shops,
          nicolae_shop_behind_doors, grunt_decor_arrowhead, corexii_corridor_pit
D:2:      layout_loops_corners, basic_altar, minmay_indecisive_spiral
D:3:      layout_basic, grunt_gozag_statues,
          shapermc_ecumenical_altar_totnotflames, cheibrodos_sewer_entry_sluice,
          grunt_ministairs_15, nicolae_elevator_lobby_plus

Skill      XL: |  1  2  3  4 |
---------------+-------------+-----
Stealth        | 2 |  2.0
Spellcasting   | 3 |  3.1
Earth Magic    | 4 |  4.0
Dodging        | |  1.9
Transmutations | |  1.2

Action                   |  1- 3 |  4- 6 || total
-------------------------+-------+-------++-------
Melee: Unarmed           |    54 |       ||    54
       Tailslap          |     5 |       ||     5
       Short sword       |    43 |     8 ||    51
 Cast: Sandblast         |    42 |    11 ||    53
 Stab: Sleeping          |     5 |     1 ||     6
Armor: Skin              |    37 |     1 ||    38
Dodge: Dodged            |    64 |    14 ||    78

Table legend: (Time is in decaauts)
 A = Elapsed time spent in this place.
 B = Non-inter-level travel time spent in this place.
 C = Inter-level travel time spent in this place.
 D = Time resting spent in this place.
 E = Time spent auto-exploring this place.
 F = Levels seen in this place.
 G = Mean time per level.
                   A        B        C        D        E       F      G
               +--------+--------+--------+--------+--------+-----+--------+
         Total |   2420 |   2420 |      0 |     18 |   1504 |   3 |  806.7 |
       Dungeon |   2420 |   2420 |      0 |     18 |   1504 |   3 |  806.7 |
               +--------+--------+--------+--------+--------+-----+--------+

Top non-repeatable levels by time:
     D:1: 1118 daAuts
     D:2: 868 daAuts
     D:3: 434 daAuts
